 Dungeon Crawl Stone Soup version 0.27.1-1-g398f81649c (webtiles) character file.

Game seed: 16804472282461363369

105 101zpm the Shield-Bearer (level 4, -3/29 HPs)
             Began as a Gargoyle Fighter on Sept 21, 2021.
             Killed from afar by an orc wizard (7 damage)
             ... with a puff of flame
             ... on level 3 of the Dungeon.
             The game lasted 00:03:36 (2482 turns).

101zpm the Shield-Bearer (Gargoyle Fighter)         Turns: 2482, Time: 00:03:37

Health: -3/29      AC: 11    Str: 20    XL:     4   Next: 83%
Magic:  4/4        EV:  7    Int:  9    God:
Gold:   101        SH:  0    Dex:  9    Spells: 3/3 levels left

rFire    . . .     SeeInvis .   a - +0 flail
rCold    . . .     Faith    .   c - +0 kite shield
rNeg     + . .     Spirit   .   b - +0 scale mail
rPois    ∞         Reflect  .   o - +0 helmet
rElec    +         Harm     .   (no cloak)
rCorr    .         Rampage  .   (no gloves)
Will     .....                  (no boots)
Stlth    ..........             (no amulet)
HPRegen  0.09/turn              (no ring)
MPRegen  0.09/turn              (no ring)

@: confused
A: sickness immunity, AC +3, negative energy resistance 1, electricity
resistance, torment resistance 1, petrification resistance
a: no special abilities


You were on level 3 of the Dungeon.
You visited 1 branch of the dungeon, and saw 3 of its levels.

You collected 101 gold pieces.

Inventory:

Hand Weapons
 a - a +0 flail (weapon)
Missiles
 e - 117 stones (quivered)
 j - 22 bolts
Armour
 b - a +0 scale mail (worn)
 c - a +0 kite shield (worn)
 o - a +0 helmet (worn)
Jewellery
 n - a +4 ring of evasion
Wands
 k - a wand of polymorph (5)
 p - a wand of flame (19)
Scrolls
 f - a scroll of identify {unknown}
 h - a scroll of vulnerability {unknown}
 i - a scroll of teleportation {unknown}
 l - a scroll of torment {unknown}
 m - a scroll of magic mapping {unknown}
Potions
 d - a potion of might
 g - 2 potions of mutation {unknown}


   Skills:
 + Level 3.9 Fighting
 + Level 2.7 Maces & Flails
 + Level 3.8 Armour
 + Level 1.1 Dodging
 + Level 4.1 Shields
 + Level 0.3 Unarmed Combat


You had 3 spell levels left.
You didn't know any spells.
Your spell library was empty.

Dungeon Overview and Level Annotations

Branches:
Dungeon (3/15)

Altars:
Hepliaklqana

Annotations:
D:2 1 runed translucent door, Crazy Yiuf


Innate Abilities, Weirdness & Mutations

You are immune to sickness and miasma.
Your stone body is resilient. (AC +3)
You are immune to poison.
You resist negative energy. (rN+)
You are resistant to electric shocks. (rElec)
You are resistant to unholy torment.
You are immune to petrification.


Message History

The orc wizard completely misses you.
You sock the orc wizard!
The orc wizard is heavily wounded.
The orc wizard barely misses you.
The orc wizard hits you but does no damage.
You closely miss the orc wizard.
The orc wizard is heavily wounded.
The orc wizard casts a spell at you. You block the puff of flame.
You hit the orc wizard.
The orc wizard is severely wounded.
The orc wizard hits you but does no damage.
The orc wizard hits you with a +0 dagger.
* * * LOW HITPOINT WARNING * * *
You barely miss the orc wizard.
The orc wizard is severely wounded.
The orc wizard completely misses you.
You hit the orc wizard but do no damage.
The orc wizard is severely wounded.
The orc wizard casts a spell at you. You resist with some effort.
The orc wizard closely misses you.
You closely miss the orc wizard.
The orc wizard is severely wounded.
The orc wizard gestures at you while chanting.
The puff of flame hits you but does no damage.
You barely miss the orc wizard.
The orc wizard is severely wounded.
The orc wizard gestures at you while chanting.
You are confused.
The orc wizard hits you with a +0 dagger.
* * * LOW HITPOINT WARNING * * *
You bump into the rock wall.
The orc wizard gestures at you while chanting.
You are more confused.
You bump into the rock wall.
The orc wizard barely misses you.
You bump into the rock wall.
The orc wizard barely misses you.
You bump into the rock wall.
The orc wizard casts a spell at you. The puff of flame hits you!
You die...

... .........#.#.# #.# ..
#...##...#..## ##.#######
##. ##.#.#..###........# #
#.#.###...#######.# #.#.#
##.## #.# #.#.# #.# #.#
#.#.# #># #.# #.###.#.# #.#
#.# #......@# #.. #.# #.
######o## ### #.# ##. #o#
#.######.# #..##### #o#
#.#......# ##......####.#
#.#.###### #.≈.≈≈....o#.#
#.#.####### #...≈........##
#.#.##.....
#........##...##
#.#.##.####
#.......##.....#####.#.##.#


You could see an orc wizard and 2 orcs.

Vanquished Creatures
  Robin (D:2)
  3 adders
  3 dart slugs
  2 orcs (D:3)
  6 ball pythons
  5 endoplasms
  2 giant cockroaches
  13 goblins
  4 hobgoblins
  6 kobolds
  3 quokkas
  5 bats
  2 rats
55 creatures vanquished.

Notes
Turn   | Place    | Note
-------+----------+-------------------------------------------
     0 | D:1      | 101zpm the Gargoyle Fighter began the quest for the Orb.
     0 | D:1      | Reached XP level 1. HP: 14/14 MP: 1/1
   201 | D:1      | Reached XP level 2. HP: 17/19 MP: 2/2
   719 | D:2      | Reached XP level 3. HP: 19/24 MP: 3/3
  1306 | D:2      | Noticed Robin
  1337 | D:1      | Reached XP level 4. HP: 19/29 MP: 4/4
  1720 | D:2      | Killed Robin
  1721 | D:2      | Reached skill level 4 in Shields
  1796 | D:2      | Found a hazy altar of Hepliaklqana.
  1830 | D:2      | Found a runed translucent door.
  1831 | D:2      | Noticed Crazy Yiuf
  1934 | D:3      | Reached skill level 1 in Dodging
  1941 | D:3      | Found a faded altar of an unknown god.
  2482 | D:3      | Killed from afar by an orc wizard

Illustrated notes

Levels and vault maps discovered:
D:1:      psy_arrival_radial01, layout_rooms
D:2:      layout_rooms, basic_altar, uniq_robin, uniq_crazy_yiuf_cottage
D:3:      layout_loops_ring, shapermc_ecumenical_altar_notcrosses,
          chequers_serial_rivers_micro_c

Skill      XL: |  1  2  3  4 |
---------------+-------------+-----
Shields        | 4 |  4.1
Dodging        | 1 |  1.1
Fighting       | |  3.9
Maces & Flails | |  2.7
Armour         | |  3.8
Unarmed Combat | |  0.3

Action                   |  1- 3 |  4- 6 || total
-------------------------+-------+-------++-------
Melee: Flail             |    95 |   118 ||   213
       Unarmed           |    10 |       ||    10
Armor: Scale mail        |    76 |    93 ||   169
       Skin              |     1 |       ||     1
Dodge: Dodged            |    56 |    40 ||    96
Block: Kite shield       |    63 |    72 ||   135
